 Dungeon Crawl Stone Soup version 0.20.1-1-g8b1a95d (webtiles) character file.

407 wojtek the Grave Robber (level 7, -3/36 HPs)
             Began as a Kobold Necromancer on Dec 24, 2017.
             Slain by an ice beast (6 damage)
             ... on level 6 of the Dungeon.
             The game lasted 00:10:50 (6815 turns).

wojtek the Grave Robber (Kobold Necromancer)        Turns: 6815, Time: 00:10:51

Health: -3/36      AC:  2    Str:  5    XL:     7   Next: 12%
Magic:  7/13       EV: 17    Int: 19    God:
Gold:   268        SH:  0    Dex: 15    Spells: 5/14 levels left

rFire    . . .     SeeInvis .   a - +1 short sword (protect)
rCold    . . .     Gourm    .   (shield restricted)
rNeg     . . .     Faith    .   g - +0 robe
rPois    .         Spirit   .   (no helmet)
rElec    .         Reflect  .   (no cloak)
rCorr    .         Harm     .   (no gloves)
MR       .....                  (no boots)
Stlth    ++........             (no amulet)
Regen    0.2/turn               (no ring)
MPRegen  0.2/turn               (no ring)

@: very slightly contaminated
A: carnivore 3
a: no special abilities


You were on level 6 of the Dungeon.
You were full.

You visited 1 branch of the dungeon, and saw 6 of its levels.

You collected 268 gold pieces.

Inventory:

Hand Weapons
 a - a +1 short sword of protection (weapon)
Armour
 g - a +0 robe (worn)
Scrolls
 d - 7 scrolls of identify {unknown}
 e - 3 scrolls of remove curse {unknown}
 l - a scroll of enchant weapon {unknown}
 n - a scroll of random uselessness {unknown}
 o - a scroll of blinking {unknown}
 p - 2 scrolls of immolation {unknown}
 t - a scroll of teleportation {unknown}
Potions
 f - a potion of mutation {unknown}
 h - 2 potions of flight {unknown}
 i - 3 potions of curing {unknown}
 j - 2 potions of agility {unknown}
 m - a potion of heal wounds
 q - a potion of might {unknown}
 s - a potion of ambrosia {unknown}
Books
 b - a book of Necromancy

   Spells                             Type                      Level
   a - Pain                           Necromancy                   1
   b - Animate Skeleton               Necromancy                   1
   c - Vampiric Draining              Necromancy                   3
   d - Regeneration                   Charms/Necromancy            3
   e - Animate Dead                   Necromancy                   4
   f - Control Undead                 Necromancy                   4
 k - a book of Minor Magic

   Spells                             Type                      Level
   a - Magic Dart                     Conjuration                  1
   b - Blink                          Translocation                2
   c - Call Imp                       Summoning                    2
   d - Slow                           Hexes                        2
   e - Conjure Flame                  Conjuration/Fire             3
   f - Mephitic Cloud                 Conjuration/Poison/Air       3
Comestibles
 c - 2 meat rations
 r - a royal jelly


   Skills:
 + Level 4.2 Dodging
 - Level 2.6 Stealth
 + Level 4.3 Spellcasting
 + Level 6.3 Necromancy


You had 5 spell levels left.
You knew the following spells:

 Your Spells              Type           Power        Failure   Level  Hunger
a - Pain                  Necr           ####         1%          1    None
c - Control Undead        Necr           ####......   10%         4    ####...
d - Animate Dead          Necr           N/A          10%         4    ####...


Dungeon Overview and Level Annotations

Branches:
Dungeon (6/15)
 Temple: D:4-7

Altars:
Ashenzari
Cheibriados
Fedhas
Hepliaklqana
Qazlal
Uskayaw

Annotations:
D:2 Terence
D:5 Hylith's ghost, novice MiGl
D:6 Dowan


Innate Abilities, Weirdness & Mutations

You are small and have problems with some larger weapons.
You are carnivorous and can eat meat at any time.


Message History

You miscast Pain.
You are very lightly contaminated with residual magic.
You shiver with cold.
Casting: Pain
Confirm with . or Enter, or press ? or * to list all spells.
Aiming: Pain
Press: ? - help, Shift-Dir - straight line, f/p - ice beast
Aim: an ice beast (heavily wounded, chance to defeat MR: 84%)
The ice beast writhes in agony!
The ice beast hits you. The ice beast freezes you!
* * * LOW HITPOINT WARNING * * *
Casting: Pain
Confirm with . or Enter, or press ? or * to list all spells.
Aiming: Pain
Press: ? - help, Shift-Dir - straight line, f/p - ice beast
Aim: an ice beast (heavily wounded, chance to defeat MR: 84%)
The ice beast writhes in agony!
The ice beast hits you.
* * * LOW HITPOINT WARNING * * *
The ice beast freezes you.
You die...

####.......# . ######..#
.## ##.## ###.#######
#..#
##.........#####.###..
#.........<...##.)...#
##.....................
##.....Y............##≈≈
#.>....@..........### #
##.................≈≈≈
#.................##≈≈≈
#.................# ≈#≈≈
###................# ≈ ≈
#..................# #≈
#.###............
#.....###.#########
#.....# ###


You could see an ice beast.

Vanquished Creatures
  A sky beast (D:6)
  A bullfrog (D:3)
  An iron imp (D:6)
  A worker ant (D:5)
  4 gnolls
  5 adders
  2 oozes
  5 worms
  2 dart slugs (D:1)
  8 leopard geckos
  3 orcs (D:3)
  8 giant cockroaches
  5 goblins
  5 hobgoblins
  4 jackals (D:2)
  6 kobolds
  A quokka (D:3)
  A ball python (D:2)
  3 bats
  9 frilled lizards
  A leopard gecko skeleton (D:4)
  7 rats
83 creatures vanquished.

Vanquished Creatures (collateral kills)
  A goblin (D:2)
  A hobgoblin (D:2)
2 creatures vanquished.

Grand Total: 85 creatures vanquished

Notes
Turn   | Place    | Note
-------+----------+-------------------------------------------
     0 | D:1      | wojtek the Kobold Necromancer began the quest for the Orb.
     0 | D:1      | Reached XP level 1. HP: 10/10 MP: 3/3
   141 | D:1      | Reached XP level 2. HP: 1/15 MP: 0/5
  1035 | D:1      | Reached XP level 3. HP: 12/19 MP: 0/6
  1291 | D:2      | Noticed Terence
  1365 | D:2      | Reached skill level 5 in Necromancy
  1646 | D:2      | Reached XP level 4. HP: 19/24 MP: 3/7
  1652 | D:2      | Learned a level 4 spell: Animate Dead
  2879 | D:2      | Found a stormy altar of Qazlal.
  3527 | D:2      | Found a faded altar of an unknown god.
  3739 | D:1      | Reached XP level 5. HP: 28/28 MP: 9/9
  4586 | D:3      | Noticed a bullfrog
  4593 | D:3      | Killed a bullfrog
  4593 | D:3      | Reached XP level 6. HP: 26/32 MP: 4/11
  4989 | D:3      | Found a hide-covered altar of Uskayaw.
  5054 | D:3      | Reached skill level 6 in Necromancy
  5432 | D:3      | Found a hazy altar of Hepliaklqana.
  5435 | D:3      | Found a blossoming altar of Fedhas.
  5442 | D:3      | Found a shattered altar of Ashenzari.
  5927 | D:4      | Learned a level 4 spell: Control Undead
  5990 | D:5      | Entered Level 5 of the Dungeon
  6096 | D:5      | Noticed Hylith's ghost (novice MiGl)
  6606 | D:6      | Noticed a sky beast
  6614 | D:6      | Killed a sky beast
  6614 | D:6      | Reached XP level 7. HP: 31/36 MP: 6/13
  6710 | D:6      | Found a snail-covered altar of Cheibriados.
  6712 | D:6      | Noticed Dowan
  6815 | D:6      | Slain by an ice beast

Skill      XL: |  1  2  3  4  5  6 |
---------------+-------------------+-----
Necromancy     | 5 6 |  6.3
Spellcasting   | 3 4 |  4.3
Dodging        | 3 4 |  4.2
Stealth        | |  2.6

Action                   |  1- 3 |  4- 6 |  7- 9 || total
-------------------------+-------+-------+-------++-------
Melee: Short sword       |    67 |   134 |    14 ||   215
 Cast: Pain              |    35 |   102 |     6 ||   143
       Animate Dead      |       |    13 |     1 ||    14
       Control Undead    |       |     1 |     2 ||     3
 Stab: Sleeping          |     2 |     4 |       ||     6
       Distracted        |       |     1 |       ||     1
  Eat: Chunk             |    11 |    16 |     1 ||    28
Armor: Robe              |    16 |    28 |       ||    44
Dodge: Dodged            |    49 |   153 |    10 ||   212
